 Dungeon Crawl Stone Soup version 0.31-a0-1227-g0136665373 (webtiles) character file.

Game seed: 4640324829716803408

95536 LeprechaunX the Metamorph (level 16, -2/152 HPs)
             Began as an Octopode Shapeshifter on Dec 14, 2023.
             Was a Believer of Ashenzari.
             Slain by a culicivora (15 damage)
             ... on level 4 of the Spider Nest.
             The game lasted 00:57:14 (15524 turns).

LeprechaunX the Metamorph (Octopode Shapeshifter)  Turns: 15524, Time: 00:57:15

Health: -2/152     AC: 27    Str: 21 (22) XL:     16   Next: 14%
Magic:  1/16       EV: 13    Int:  9 (10) God:    Ashenzari [**....]
Gold:   1207       SH: 27    Dex: 14 (15) Spells: 15/15 levels left

rFire   + .          .
                       - Unarmed
rCold   + . .        y - +10 tower shield of Ignorance {rN+ Int-4, Cun, Fort} (curse)
rNeg    + + .        Q - +0 hat {SInv}
rPois   ∞            A - amulet of regeneration
rElec   +            p - ring of the Revealing Doubts {Slay+4, Dev, Range} (curse)
rCorr   .            o - ring of protection from fire
SInv    +            D - ring "Lashed With Me" {Will+, Elem, Range} (curse)
Will    ++...        L - ring of see invisible
Stlth   ++           V - ring of the Bound Fanaticism {Str+6, Melee, Self} (curse)
HPRegen 1.25/turn    F - ring of ice
MPRegen 0.15/turn    Z - ring of protection from fire
                     (no ring)

%: no passive effects
@: about to teleport, statue-form, very slow
A: slow and powerful, torment resistance 1, boosted hp, almost no armour,
amphibious, 8 rings, camouflage 1, (gelatinous body 1), (nimble swimmer 1),
tentacles
a: Begin Untransformation, Renounce Religion, Curse Item, Shatter the Chains


You were on level 4 of the Spider Nest.
You worshipped Ashenzari.
Ashenzari was pleased with you.
You were a living statue of rough stone.
You visited 3 branches of the dungeon, and saw 19 of its levels.
You also visited: Ossuary.

You collected 1207 gold pieces.

Inventory:

Hand Weapons
 a - a +6 hand cannon of electrocution
 z - a +0 antimagic sling
Missiles
 M - 26 boomerangs
Armour
 y - the cursed +10 tower shield of Ignorance (worn) {rN+ Int-4, Cun, Fort}
   (You found it on level 3 of the Dungeon)

   Int-4:     It affects your intelligence (-4).
   rN+:       It protects you from negative energy.
   It has a curse which improves the following skills: Cunning: Dodging and
   Stealth.
   Fortitude: Shields.
 Q - a +0 hat of see invisible (worn)
Jewellery
 o - a ring of protection from fire (right tentacle)
 p - the cursed ring of the Revealing Doubts (left tentacle) {Slay+4, Dev, Range}
   (You found it on level 2 of the Dungeon)

   [ring of slaying]

   Slay+4:    It affects your accuracy & damage with ranged weapons and melee
   (+4).
   It has a curse which improves the following skills: Devices: Evocations and
   Shapeshifting.
   Ranged Combat: Ranged Weapons and Throwing.
 A - an amulet of regeneration (around mantle)
 B - a ring of wizardry
 D - the cursed ring "Lashed With Me" (on tentacle) {Will+, Elem, Range}
   (You found it on level 4 of the Dungeon)

   [ring of willpower]

   Will+:     It increases your willpower.
   It has a curse which improves the following skills: Elements: Fire Magic, Ice
   Magic, Air Magic and Earth Magic.
   Ranged Combat: Ranged Weapons and Throwing.
 F - a ring of ice (on tentacle)
 L - a ring of see invisible (on tentacle)
 S - a ring of wizardry
 V - the cursed ring of the Bound Fanaticism (on tentacle) {Str+6, Melee, Self}
   (You found it on level 2 of the Lair of Beasts)

   [ring of strength]

   Str+6:     It affects your strength (+6).
   It has a curse which improves the following skills: Melee Combat: Short
   Blades, Long Blades, Axes, Maces & Flails, Polearms, Staves and Unarmed
   Combat.
   Introspection: Fighting and Spellcasting.
 Z - a ring of protection from fire (on tentacle)
Talismans
 l - a granite talisman (active)
 J - a maw talisman
Wands
 H - a wand of mindburst (16)
 N - a wand of iceblast (20)
 O - a wand of acid (1) (quivered)
 T - a wand of charming (3)
 W - a wand of flame (17)
Scrolls
 d - 2 scrolls of enchant armour
 e - 3 scrolls of vulnerability
 h - 2 scrolls of fog
 i - 5 scrolls of fear
 j - a scroll of torment
 k - 7 scrolls of teleportation
 r - 4 scrolls of immolation
 s - 7 scrolls of noise
 t - a scroll of amnesia
 G - a scroll of blinking
 I - 2 scrolls of poison
 K - a scroll of silence
 P - 3 scrolls of revelation
 R - 7 scrolls of identify
 U - 3 scrolls of enchant weapon
 X - 2 scrolls of brand weapon
Potions
 b - a potion of heal wounds
 g - 2 potions of berserk rage
 m - 3 potions of mutation
 n - 2 potions of resistance
 q - 5 potions of haste
 u - 12 potions of curing
 v - 4 potions of magic
 w - 4 potions of cancellation
 x - 4 potions of brilliance
 C - 3 potions of lignification
 E - 2 potions of attraction
Miscellaneous
 Y - a box of beasts


   Skills:
 + Level 12.1(13.2) Fighting
 + Level 6.3(8.1) Ranged Weapons
 + Level 6.4(7.6) Dodging
 + Level 11.7(12.8) Shields
 + Level 10.6(11.7) Unarmed Combat
 - Level 11.1(12.2) Evocations
 * Level 15.5(16.5) Shapeshifting


You had 15 spell levels left.
You didn't know any spells.
Your spell library contained the following spells:

 Spells                   Type           Power      Damage    Failure   Level
 Apportation              Tloc           0%         N/A       78%         1
 Necrotise                Necr           0%         1d4       78%         1
 Summon Small Mammal      Summ           0%         N/A       78%         1
 Scorch                   Fire           0%         2d5       88%         2
 Wereblood                Tmut           0%         N/A       89%         2
 Dazzling Flash           Conj/Hex       0%         N/A       98%         3
 Gell's Gravitas          Tloc           0%         N/A       98%         3
 Teleport Other           Tloc           0%         N/A       98%         3
 Anguish                  Hex/Necr       0%         N/A       100%        4
 Cause Fear               Hex            0%         N/A       100%        4
 Flame Wave               Conj/Fire      0%         2d4       100%        4
 Leda's Liquefaction      Hex/Erth       0%         N/A       100%        4
 Manifold Assault         Tloc           0%         N/A       100%        4
 Vhi's Electric Charge    Tloc/Air       0%         N/A       100%        4
 Arcjolt                  Conj/Air       0%         1d10      100%        5
 Fireball                 Conj/Fire      0%         3d3       100%        5
 Dispersal                Tloc           0%         N/A       100%        6
 Plasma Beam              Fire/Air       0%         2x1d10    100%        6
 Simulacrum               Ice/Necr       0%         N/A       100%        6
 Summon Cactus Giant      Summ           0%         N/A       100%        6
 Enfeeble                 Hex            0%         N/A       100%        7
 Ozocubu's Refrigeration  Ice            0%         4d7       100%        7
 Summon Hydra             Summ           0%         N/A       100%        7
 Disjunction              Tloc           0%         N/A       100%        8
 Dragon's Call            Summ           0%         N/A       100%        9
 Polar Vortex             Ice            0%         N/A       100%        9
 Sublimation of Blood     Necr           Unusable   N/A       N/A         2

Dungeon Overview and Level Annotations

Branches:
Dungeon (10/15)            Temple (0/1) D:7            Lair (5/5) D:10
 Shoals (0/4) Lair:2       Spider (4/4) Lair:2        Slime (0/5) Lair:5
Ossuary (visited)
    Orc: D:9-12

Altars:
Ashenzari
Cheibriados
Elyvilon
Fedhas
Hepliaklqana
Kikubaaqudgha
Okawaru
Sif Muna
Uskayaw
Wu Jian
Zin
Jiyva

Annotations:
D:9 3 runed translucent doors, Frenzy's ghost, journeyman MiFi


Innate Abilities, Weirdness & Mutations

You are a living statue of rough stone.
Your actions are slow, but your melee attacks are powerful.
You are resistant to unholy torment.
Your maximum health is greatly increased.
You cannot wear most types of armour.
You are amphibious.
You can wear up to eight rings at the same time.
You are immune to poison.
Your skin changes colour to match your surroundings (Stealth+).
((Your rubbery body absorbs attacks. (AC +1, EV +1)))
((You are camouflaged when in or above water. (Stealth+)))
You have tentacles for arms and can constrict up to eight enemies at once.


Message History

The ghost moth stares at you.
You block the ghost moth's attack. x2; The ghost moth stings you!
The culicivora misses you. You block the redback's attack.
The ghost moth stares at you. The culicivora bites you!
The culicivora barely misses you. The ghost moth closely misses you.
The ghost moth hits you but does no damage.
The ghost moth stings you but does no damage.
The jumping spider leaps!
The ghost moth stares at you. The culicivora barely misses you.
The jumping spider leaps!
The culicivora bites you! The culicivora bites you.
The ghost moth completely misses you. The ghost moth hits you.
The ghost moth stings you but does no damage.
The ghost moth barely misses you. The ghost moth hits you!
The ghost moth closely misses you. The culicivora bites you!
* * * LOW HITPOINT WARNING * * *
The culicivora bites you but does no damage.
The jumping spider leaps!
The ghost moth misses you. x2
The ghost moth barely misses you. The culicivora bites you!
* * * LOW HITPOINT WARNING * * *
The redback closely misses you.
Your +6 hand cannon of electrocution stops crackling.
You are now empty-tentacled.
You block the culicivora's attack.
You block the ghost moth's attack. x3; The culicivora misses you.
The redback bites you but does no damage.
The culicivora barely misses you. The ghost moth barely misses you.
The ghost moth hits you but does no damage.
The ghost moth stings you but does no damage.
As you read the scroll of teleportation, it crumbles to dust.
You feel strangely unstable. You block the culicivora's attack.
You block the jumping spider's attack. x2; You block the culicivora's attack.
The ghost moth hits you!
* * * LOW HITPOINT WARNING * * *
The ghost moth hits you but does no damage.
The ghost moth stings you!
* * * LOW HITPOINT WARNING * * *
You feel dopey. The redback closely misses you. The culicivora bites you!
You die...

#...
##^.^^#.....#
#....~#....^#
#.s...#~....#
#...~~#^...^#
##...^##^....#
#^....#.~....#
#.....#.°..?^#
#.sss.#......#
##~.8s^#......#
#.^ysy~.s..^..~
#.....~.........
#.^....#.....
#......#.....
#.....^#.....
#.^^..^# ....
####...# ...
##.^#


You could see 2 ghost moths, 4 culicivoras, 2 jumping spiders and a redback.

Vanquished Creatures
  Mlioglotl (Spider:2)
  Gastronok (D:8)
  Aizul (Spider:3)
  3 emperor scorpions
  A broodmother (Spider:1)
  5 ghost moths
  2 spark wasps (Spider:3)
  An entropy weaver (Spider:4)
  4 jorogumos
  2 radroaches
  6 death yaks
  4 boulder beetles
  A two-headed ogre (D:5)
  A death scarab (Spider:3)
  4 demonic crawlers
  2 skysharks
  3 pharaoh ants
  2 sun moths
  Pikel (D:7)
  9 orb spiders
  3 steelbarb worms
  3 oklob plants (Lair:5)
  16 wolf spiders
  A cyclops (D:10)
  6 elephants (Lair:5)
  4 moths of wrath
  9 black mambas
  Joseph (D:7)
  5 torpor snails
  A guardian serpent (Lair:5)
  17 cane toads
  Jeremiah (D:7)
  3 rime drakes
  8 komodo dragons
  3 trolls
  2 polar bears
  2 meliai (Spider:1)
  2 merfolk (Lair:2)
  15 tarantellas
  4 hornets
  8 dream sheep
  12 blink frogs
  18 jumping spiders
  12 culicivoras
  42 yaks
  13 wyverns
  2 basilisks
  2 steam dragons
  35 redbacks
  2 wargs (D:10)
  26 water moccasins
  An orc warrior (D:10)
  A sky beast (D:7)
  2 black bears
  25 wolves
  5 centaurs
  A lemure (D:6)
  2 phantoms
  A kobold brigand (D:9)
  2 scorpions
  3 bullfrogs
  A gnoll sergeant (D:9)
  13 wights
  10 killer bees
  3 electric eels
  3 howler monkeys (D:8)
  3 centaur zombies (Ossuary)
  6 hounds
  2 jellies
  4 orc priests
  3 iguanas
  2 sleepcaps
  12 orc wizards
  2 mummies (Ossuary)
  8 gnolls
  6 adders
  A shadow imp (D:6)
  A dart slug (D:3)
  37 orcs
  3 bats
  6 endoplasms
  3 giant cockroaches (D:1)
  5 goblins
  5 hobgoblins
  2 jackals (D:1)
  9 kobolds
  7 quokkas
  3 ball pythons
  8 frilled lizards
  A gnoll zombie (D:4)
  3 goblin zombies (Ossuary)
  10 hobgoblin zombies (Ossuary)
  A jackal zombie (Ossuary)
  9 kobold zombies (Ossuary)
  8 orc zombies (Ossuary)
  6 rats
  3 rat zombies (Ossuary)
584 creatures vanquished.

Vanquished Creatures (collateral kills)
  A radroach (Spider:2)
  A tarantella (Spider:3)
2 creatures vanquished.

Grand Total: 586 creatures vanquished

Notes
Turn   | Place    | Note
-------+----------+-------------------------------------------
     0 | D:1      | LeprechaunX the Octopode Shapeshifter began the quest for
                  | the Orb.
     0 | D:1      | Reached XP level 1. HP: 13/13 MP: 1/1
   167 | D:1      | Reached XP level 2. HP: 18/18 MP: 2/2
   416 | D:1      | Reached XP level 3. HP: 11/23 MP: 3/3
  1073 | D:2      | Got the Omnibus of Spellbinding
  1176 | D:2      | Reached XP level 4. HP: 28/29 MP: 4/4
  2001 | D:3      | Found a glowing silver altar of Zin.
  2151 | D:3      | Found the +10 tower shield of Ignorance {rN+ Int-4}
  2428 | D:4      | Reached XP level 5. HP: 34/34 MP: 5/5
  2429 | D:4      | Reached skill level 4 in Shapeshifting
  2466 | D:4      | Found a sand-covered staircase.
  2485 | Ossuary  | Entered an ossuary
  2600 | Ossuary  | Reached skill level 1 in Shields
  2609 | Ossuary  | Reached XP level 6. HP: 41/41 MP: 6/6
  2914 | D:4      | Noticed a black bear
  2928 | D:4      | Killed a black bear
  2929 | D:4      | Reached XP level 7. HP: 33/46 MP: 7/7
  2964 | D:4      | Reached skill level 5 in Shapeshifting
  3292 | D:5      | Entered Level 5 of the Dungeon
  3332 | D:5      | Identified the +9 whip of Gallantry {flame, ^Fragile rPois
                  | rCorr}
  3359 | D:5      | Found a shimmering blue altar of Sif Muna.
  3460 | D:5      | Reached skill level 1 in Evocations
  3505 | D:5      | Found a white marble altar of Elyvilon.
  3507 | D:5      | Found an ornate altar of the Wu Jian Council.
  3511 | D:5      | Found an ancient bone altar of Kikubaaqudgha.
  3558 | D:5      | Reached XP level 8. HP: 54/54 MP: 8/8
  3566 | D:5      | Noticed a two-headed ogre
  3577 | D:5      | Killed a two-headed ogre
  3578 | D:5      | Reached skill level 5 in Unarmed Combat
  3578 | D:5      | Reached skill level 6 in Shapeshifting
  3646 | D:5      | Found a snail-covered altar of Cheibriados.
  3978 | D:5      | Found a hide-covered altar of Uskayaw.
  4057 | D:6      | Reached XP level 9. HP: 50/59 MP: 9/9
  4079 | D:6      | Found a broken altar of Ashenzari.
  4087 | D:6      | You fall into a shaft and drop 3 floors!
  4170 | D:7      | Noticed Pikel
  4211 | D:7      | Reached skill level 7 in Shapeshifting
  4218 | D:7      | Found a staircase to the Ecumenical Temple.
  4220 | D:7      | Noticed a troll
  4241 | D:6      | Became a worshipper of Ashenzari the Shackled
  4439 | D:6      | Found an iron altar of Okawaru.
  4609 | D:6      | Killed a troll
  4610 | D:6      | Reached skill level 5 in Fighting
  4675 | D:7      | Found a blossoming altar of Fedhas.
  4676 | D:7      | Noticed Joseph
  4694 | D:7      | Killed Joseph
  4760 | D:7      | Killed Pikel
  4761 | D:7      | Reached skill level 5 in Shields
  4761 | D:7      | Reached skill level 8 in Shapeshifting
  4775 | D:7      | Noticed Jeremiah
  4819 | D:8      | Reached XP level 10. HP: 34/66 MP: 10/10
  5077 | D:8      | Noticed Gastronok
  5145 | D:8      | Reached skill level 5 in Evocations
  5255 | D:7      | Killed Jeremiah
  5605 | D:8      | Killed Gastronok
  5606 | D:8      | Reached skill level 9 in Shapeshifting
  5939 | D:8      | Found a hazy altar of Hepliaklqana.
  6436 | D:9      | Found a runed translucent gate.
  6436 | D:9      | Found a runed translucent gate.
  6436 | D:9      | Found a runed translucent gate.
  6467 | D:9      | Reached XP level 11. HP: 75/75 MP: 11/11
  6775 | D:9      | Found a viscous altar of Jiyva.
  6775 | D:9      | Noticed Frenzy's ghost (journeyman MiFi)
  6795 | D:10     | Entered Level 10 of the Dungeon
  6848 | D:10     | Reached skill level 10 in Shapeshifting
  7146 | D:10     | Noticed a cyclops
  7158 | D:10     | Killed a cyclops
  7257 | D:10     | Found a staircase to the Lair.
  7587 | Lair:1   | Entered Level 1 of the Lair of Beasts
  7904 | Lair:1   | Reached skill level 11 in Shapeshifting
  8257 | Lair:2   | Reached XP level 12. HP: 71/83 MP: 12/12
  8423 | Lair:2   | Noticed a skyshark
  8435 | Lair:2   | Killed a skyshark
  8491 | Lair:2   | Reached * piety under Ashenzari
  8491 | Lair:2   | Identified a scroll of acquirement
  8505 | Lair:2   | Acquired a +6 hand cannon of electrocution
  8893 | Lair:2   | Found a staircase to the Shoals.
  9027 | Lair:2   | Noticed a death yak
  9031 | Lair:2   | Noticed a death yak
  9044 | Lair:2   | Killed a death yak
  9057 | Lair:2   | Killed a death yak
  9109 | Lair:2   | Found a hole to the Spider Nest.
  9202 | Lair:2   | Identified Sif Muna's Octavo of the Syncline
  9202 | Lair:2   | Identified Sif Muna's Almanac of Abhorrent Acts
  9202 | Lair:2   | Identified Sif Muna's Essays on the Scorpion
  9232 | Lair:3   | Reached skill level 12 in Shapeshifting
  9554 | Lair:3   | Noticed a boulder beetle
  9571 | Lair:3   | Killed a boulder beetle
  9676 | Lair:3   | Reached XP level 13. HP: 58/90 MP: 13/13
  9714 | Lair:3   | Reached skill level 1 in Ranged Weapons
 10898 | Lair:5   | Entered Level 5 of the Lair of Beasts
 11133 | Lair:5   | Reached skill level 13 in Shapeshifting
 11181 | Lair:5   | Reached skill level 10 in Evocations
 11224 | Lair:5   | Reached skill level 10 in Fighting
 11476 | Lair:5   | Reached XP level 14. HP: 99/99 MP: 14/14
 11593 | Lair:5   | Reached skill level 10 in Shields
 12019 | Lair:5   | Found a viscous altar of Jiyva.
 12060 | Lair:5   | Found a staircase to the Slime Pits.
 12439 | Spider:1 | Entered Level 1 of the Spider Nest
 12741 | Spider:1 | Reached skill level 14 in Shapeshifting
 12820 | Spider:1 | Noticed a ghost moth
 12832 | Spider:1 | Noticed a broodmother
 12834 | Spider:1 | Killed a ghost moth
 12852 | Spider:1 | Killed a broodmother
 13142 | Spider:2 | Reached ** piety under Ashenzari
 13298 | Spider:2 | Noticed an emperor scorpion
 13315 | Spider:2 | Killed an emperor scorpion
 13315 | Spider:2 | Noticed an emperor scorpion
 13330 | Spider:2 | Killed an emperor scorpion
 13331 | Spider:2 | Reached XP level 15. HP: 99/108 MP: 15/15
 13629 | Spider:2 | Noticed a ghost moth
 13638 | Spider:2 | Killed a ghost moth
 14101 | Spider:3 | Noticed Mlioglotl
 14118 | Spider:2 | Reached skill level 5 in Dodging
 14121 | Spider:2 | Killed Mlioglotl
 14218 | Spider:2 | Reached skill level 5 in Ranged Weapons
 14310 | Spider:3 | Reached skill level 10 in Unarmed Combat
 14518 | Spider:3 | Reached skill level 15 in Shapeshifting
 14547 | Spider:3 | Noticed a ghost moth
 14551 | Spider:3 | Killed a ghost moth
 14671 | Spider:3 | Identified the serpent talisman of the Demonic God {MP+9}
 14671 | Spider:3 | Noticed Aizul
 14683 | Spider:3 | Killed Aizul
 14822 | Spider:3 | Noticed a ghost moth
 14826 | Spider:3 | Killed a ghost moth
 14989 | Spider:3 | HP: 6/141 [demonic crawler (5)]
 15194 | Spider:4 | Entered Level 4 of the Spider Nest
 15194 | Spider:4 | Noticed an emperor scorpion
 15216 | Spider:4 | Killed an emperor scorpion
 15320 | Spider:4 | Noticed a ghost moth
 15325 | Spider:4 | Killed a ghost moth
 15367 | Spider:4 | Reached XP level 16. HP: 106/117 MP: 9/16
 15524 | Spider:4 | Slain by a culicivora

Illustrated notes

Levels and vault maps discovered:
D:1:      scummos_arrival_hexagon, layout_basic
D:2:      layout_basic, hangedman_decor_opposing
D:3:      layout_basic, lemuel_crystal_altar, supply_closet_lemuel,
          nicolae_twisty_statue_hallways
D:4:      layout_gridville, enter_ossuary_3
D:5:      layout_loops_ring, nicolae_overflow_crystal_walls,
          nicolae_sif_muna_little_library, nicolae_uskayaw_suspiria, minitemple,
          grunt_ministairs_3, serial_bayou_lagoon_b
D:6:      layout_gridville, mainiacjoe_overflow_paths, ashenzari_altar_1,
          glass_columns_a, nicolae_figureground_pulse
D:7:      layout_rooms, fedhas_bush_and_centaur_altar,
          minmay_temple_entry_statues_fountains, uniq_pikel, uniq_joseph,
          uniq_jeremiah
D:8:      layout_cave_pools, nicolae_hepliaklqana_hippocampus, uniq_gastronok
D:9:      layout_basic, gammafunk_ghost_ooze
D:10:     layout_cave_pools, erik_lair_orcish_takeover
Lair:1:   layout_hall_layers
Lair:2:   layout_loops_ring, elwin_shoals_entry_rooms,
          spider_nest_entry_funnel_web
Lair:3:   layout_roguey
Lair:4:   layout_gridlike, grunt_megastairs_2
Lair:5:   hangedman_lair_tendril_chambers, layout_regular_city,
          minmay_slime_entry_oklob_enclosed
Spider:1: layout_spider_delve, nicolae_spider_moth_buddies
Spider:2: layout_cave_pods
Spider:3: layout_spider_delve, uniq_aizul, uniq_mlioglotl
Spider:4: grunt_spider_rune_parallel

Skill      XL: |  1  2  3  4  5  6  7  8  9 10 11 12 13 14 15 16 |
---------------+-------------------------------------------------+-----
Fighting       | 2 3 4 5 7 8 9 10 11 12 | 12.1
Shapeshifting  | 4 5 6 8 9 11 12 13 14 15 | 15.5
Dodging        | 3 4 6 |  6.4
Shields        | 1 2 3 5 6 7 9 10 11 | 11.7
Unarmed Combat | 4 5 6 7 8 9 10 | 10.6
Evocations     | 1 3 4 6 8 9 10 11 | 11.1
Ranged Weapons | 4 6 |  6.3

Action                     |  1- 3 |  4- 6 |  7- 9 | 10-12 | 13-15 | 16-18 || total
---------------------------+-------+-------+-------+-------+-------+-------++-------
  Melee: Unarmed           |    56 |   123 |   170 |   476 |   583 |    39 ||  1447
         Constrict         |    12 |    26 |    40 |    81 |   110 |    13 ||   282
         Tentacles         |    10 |    12 |    48 |   149 |   174 |     8 ||   401
         Punch             |     2 |     5 |     9 |    46 |    53 |     8 ||   123
   Fire: Sling             |       |       |       |     1 |       |       ||     1
         Hand cannon       |       |       |       |    16 |   153 |     9 ||   178
  Throw: Boomerang         |       |       |     1 |    55 |       |       ||    56
 Invoke: Curse Item        |       |       |       |     2 |     2 |       ||     4
  Evoke: Wand              |       |       |       |     7 |     7 |       ||    14
         Box of beasts     |       |       |       |       |     2 |       ||     2
    Use: Potion            |       |     1 |       |     1 |     7 |       ||     9
         Scroll            |       |       |     7 |     1 |     3 |     1 ||    12
   Stab: Sleeping          |     6 |     6 |     4 |     6 |     1 |       ||    23
         Distracted        |       |       |       |       |     1 |       ||     1
 Armour: Skin              |    17 |    46 |    48 |   131 |   538 |   105 ||   885
  Dodge: Dodged            |    25 |    21 |    19 |    90 |   294 |    75 ||   524
  Block: Tower shield      |       |   133 |   192 |   647 |  1358 |   181 ||  2511
   Form: Statue            |       |       |       |       |     1 |       ||     1

Table legend: (Time is in decaauts)
 A = Elapsed time spent in this place.
 B = Non-inter-level travel time spent in this place.
 C = Inter-level travel time spent in this place.
 D = Time resting spent in this place.
 E = Time spent auto-exploring this place.
 F = Levels seen in this place.
 G = Mean time per level.
                   A        B        C        D        E       F      G
               +--------+--------+--------+--------+--------+-----+--------+
         Total |  17916 |  17108 |    808 |   1232 |  11120 |  20 |  895.8 |
       Dungeon |   7418 |   7092 |    326 |    518 |   4900 |  10 |  741.8 |
          Lair |   5536 |   5267 |    269 |    202 |   3468 |   5 | 1107.2 |
   Spider Nest |   4661 |   4449 |    212 |    477 |   2652 |   4 | 1165.2 |
       Ossuary |    301 |    301 |      0 |     34 |    100 |   1 |  301.0 |
               +--------+--------+--------+--------+--------+-----+--------+

Top non-repeatable levels by time:
  Lair:5: 1961 daAuts
Spider:2: 1660 daAuts
Spider:3: 1459 daAuts
  Lair:2: 1097 daAuts
Spider:1: 1065 daAuts
  Lair:4: 1012 daAuts
     D:8: 978 daAuts
     D:1: 945 daAuts
  Lair:3: 830 daAuts
     D:2: 790 daAuts
     D:9: 790 daAuts
     D:5: 767 daAuts
    D:10: 761 daAuts
     D:3: 676 daAuts
     D:7: 644 daAuts
